Map: Dreamcatcher LE

Players

Harstem - Winner!

  • Race: Protoss Protoss
  • Spawn Location: 11:00

Bly

  • Race: Zerg Zerg
  • Spawn Location: 5:00

Event: WCS Montreal 2018

VOD

Have the link to the VOD?

Description

Time

  • Played on: Sept. 7, 2018, 4:38 p.m.
  • Length: 30:45

All games in this series

Show
View Real Time Build Order
Export as new Build Order

Harstem Protoss - Winner!

Build Orders: 1 Gate Expand, Oracle Opening, Phoenix Opening, Archon Immortal, Mass Phoenix 

Get SALT Encoding   

  12  0:00  Probe  
  13  0:12  Probe  
  14  0:18  Pylon  
  14  0:25  Probe  
  15  0:33  Probe  
  15  0:42  Gateway, Probe  
  17  0:51  Probe  
  17  0:52  Assimilator  
  18  1:03  Probe  
  19  1:15  Probe  
  20  1:27  Nexus  
  20  1:37  Cybernetics Core  
  20  1:40  Probe  
  21  1:48  Assimilator  
  21  1:52  Probe  
  22  1:56  Pylon  
  22  2:04  Probe  
  22  2:05  Adept  
  25  2:16  Probe  
  25  2:21  Stargate  
  26  2:24  Adept  
  26  2:28  Probe  
  29  2:38  Warp Gate  
  29  2:40  Probe  
  29  2:41  Probe  
  31  2:48  Adept  
  33  2:52  Probe  
  33  2:56  Probe  
  33  2:58  Phoenix  
  35  3:05  Probe  
  36  3:08  Probe  
  39  3:13  Pylon  
  39  3:16  Oracle  
  39  3:17  Probe  
  40  3:21  Probe  
  44  3:29  Probe  
  44  3:32  Assimilator  
  44  3:33  Probe  
  46  3:41  Probe  
  47  3:42  Pylon  
  47  3:46  Probe, Assimilator  
  48  3:53  Probe  
  49  3:56  Stargate  
  49  3:58  Probe  
  49  4:00  Pylon  
  50  4:05  Probe  
  50  4:08  Phoenix  
  51  4:10  Probe  
  54  4:17  Probe  
  54  4:22  Pylon, Probe  
  54  4:23  Gateway  
  56  4:29  Probe  
  57  4:31  Phoenix  
  57  4:32  Phoenix  
  57  4:34  Probe  
  60  4:41  Probe  
  63  4:46  Probe  
  64  4:53  Adept  
  64  4:55  Phoenix  
  64  4:56  Phoenix  
  70  5:03  Nexus  
  70  5:05  Pylon  
  70  5:07  Probe  
  70  5:08  Probe  
  72  5:15  Zealot  
  72  5:19  Probe  
  72  5:20  Phoenix  
  72  5:21  Pylon  
  77  5:27  Probe  
  77  5:28  Phoenix  
  78  5:34  Probe  
  79  5:39  Probe  
  79  5:40  Forge  
  79  5:42  Shield Battery, Twilight Council  
  80  5:46  Probe  
  81  5:51  Probe  
  82  6:03  Pylon  
  86  6:05  Shield Battery  
  86  6:08  Robotics Facility  
  86  6:14  Probe x2  
  86  6:17  Probe  
  89  6:19  Protoss Ground Weapons Level 1, Charge  
  89  6:21  Sentry, Zealot  
  93  6:26  Probe  
  93  6:27  Probe  
  93  6:29  Photon Cannon  
  93  6:31  Probe  
  92  6:37  Robotics Facility  
  92  6:43  Assimilator  
  92  6:45  Immortal  
  92  6:46  Gateway, Zealot x2  
  96  6:47  Probe  
  96  6:48  Gateway  
  96  6:49  Gateway  
  96  6:51  Pylon x2  
  104  7:06  Probe  
  102  7:08  Shield Battery  
  102  7:10  Sentry x2  
  102  7:12  Pylon, Probe  
  102  7:15  Assimilator  
  107  7:16  Immortal  
  107  7:20  Gateway  
  107  7:21  Pylon  
  107  7:22  Pylon  
  107  7:30  Immortal  
  107  7:34  Zealot x2  
  107  7:47  Zealot x2  
  107  7:48  Immortal  
  111  7:52  Zealot  
  111  7:55  Probe  
  118  8:00  Immortal, Zealot x2  
  122  8:06  Probe  
  122  8:07  Probe  
  122  8:11  Gateway  
  122  8:12  Gateway  
  126  8:14  Templar Archives  
  126  8:15  Protoss Ground Weapons Level 2  
  126  8:17  Photon Cannon  
  126  8:22  Sentry, Photon Cannon  
  126  8:23  Zealot x2  
  126  8:25  Observer  
  126  8:26  Pylon  
  133  8:47  Immortal, Observer  
  137  8:51  Probe  
  137  8:55  Zealot x6  
  147  9:01  Probe  
  146  9:02  Probe  
  146  9:05  Probe  
  135  9:13  Immortal, Probe  
  135  9:14  Warp Prism  
  135  9:15  Probe  
  128  9:17  Probe  
  128  9:24  High Templar x5  
  129  9:25  High Templar, Probe  
  129  9:30  Archon x3  
  135  9:38  Psionic Storm  
  133  9:49  Immortal  
  137  9:53  Photon Cannon  
  137  9:54  Nexus  
  137  10:00  Pylon  
  137  10:03  High Templar x2  
  141  10:07  Zealot x4  
  141  10:10  Pylon  
  141  10:11  Immortal  
  147  10:22  High Templar, Observer  
  147  10:27  Oracle  
  153  10:30  Protoss Ground Weapons Level 3  
  151  10:40  Probe  
  155  10:46  Zealot x7  
  166  10:52  Immortal  
  170  11:01  Zealot  
  170  11:03  Probe  
  165  11:08  Zealot x6  
  172  11:22  Probe  
  169  11:30  Zealot  
  161  11:36  Pylon  
  151  11:40  High Templar x3, Pylon  
  157  11:48  Warp Prism  
  157  11:49  Pylon  
  157  11:55  High Templar x3  
  165  12:02  Pylon  
  165  12:03  Pylon  
  165  12:06  Pylon  
  163  12:09  Pylon, Fleet Beacon  
  163  12:10  Oracle  
  163  12:14  Zealot x2  
  163  12:15  Zealot x3  
  165  12:35  Pylon  
  165  12:36  Probe x2  
  167  12:39  Pylon  
  167  12:45  Carrier  
  171  12:51  Immortal  
  171  12:59  Carrier  
  171  13:01  Zealot x2  
  174  13:09  Protoss Shields Level 1  
  174  13:11  Graviton Catapult  
  174  13:12  Protoss Air Weapons Level 1  
  174  13:29  Observer  
  174  13:32  Zealot x3  
  181  13:36  Zealot  
  181  13:37  Zealot  
  184  13:55  Carrier  
  173  14:06  Mothership  
  173  14:07  Zealot x7  
  189  14:36  High Templar x4  
  181  14:41  Zealot  
  181  14:43  Archon x2  
  183  14:51  Carrier  
  183  15:05  Nexus  
  188  15:19  Protoss Air Weapons Level 2  
  188  15:21  Zealot x5  
  198  15:41  Zealot x3  
  198  15:43  Zealot  
  192  16:06  Zealot x4  
  190  16:30  Pylon  
  176  16:33  Zealot x5  
  176  16:38  High Templar x2  
  188  16:44  Archon  
  188  16:51  High Templar  
  188  16:53  High Templar x2  
  188  16:54  High Templar x2  
  188  16:57  Zealot  
  188  16:59  Archon x2  
  160  17:16  High Templar, Zealot  
  153  17:24  Zealot x2  
  157  17:33  Zealot  
  159  17:39  High Templar x2  
  159  17:41  High Templar  
  165  17:45  Archon  
  142  18:05  High Templar  
  144  18:21  Observer  
  145  18:36  High Templar x4  
  145  18:43  Zealot x3  
  129  19:17  Oracle  
  132  19:41  Nexus  
  123  20:09  Zealot x7  
  106  21:23  Nexus  
  104  21:54  High Templar  
  91  22:41  Observer  
  92  22:53  Assimilator  
  92  22:54  Probe  
  93  22:59  Assimilator  
  93  23:08  Probe  
  94  23:19  Probe  
  94  23:20  Nexus  
  94  23:22  Probe  
  95  23:29  Carrier  
  91  23:48  Probe x2  
  91  23:50  Probe  
  92  23:59  Probe  
  92  24:00  Probe  
  100  24:07  Carrier  
  100  24:15  Probe  
  100  24:16  Probe  
  102  24:24  Probe x2  
  104  24:36  Probe  
  104  24:38  Probe  
  112  24:55  Zealot x3  
  112  24:59  Probe  
  119  25:05  Probe  
  119  25:06  Probe  
  121  25:10  Probe  
  122  25:20  Carrier  
  122  25:27  Probe  
  123  25:33  Probe x2  
  131  25:37  Assimilator  
  131  25:43  Assimilator  
  131  25:44  Zealot  
  131  25:46  Zealot  
  133  25:52  High Templar  
  135  26:01  Probe x3  
  138  26:06  Carrier  
  138  26:14  Nexus  
  138  26:23  Carrier  
  140  26:40  Pylon, Probe  
  140  26:43  Assimilator  
  143  26:47  Assimilator  
  143  26:51  Mothership  
  137  26:58  Probe  
  135  27:05  Sentry  
  136  27:14  Zealot x7  
  148  27:27  Probe x2  
  148  27:28  Oracle  
  154  27:43  Probe x4  
  159  27:45  Observer  
  159  27:49  Zealot x3  
  156  28:05  Zealot x4  
  164  28:14  Carrier  
  164  28:15  Pylon, Probe x2  
  164  28:18  Carrier  
  166  28:24  Probe  
  177  28:42  Probe x3  
  174  28:48  Pylon  
  171  28:56  High Templar  
  171  28:57  Zealot x5  
  171  29:00  Zealot  
  183  29:17  Probe x2  
  183  29:19  Probe x2, Photon Cannon  
  183  29:20  Shield Battery, Zealot x2  
  183  29:21  Zealot x2  
  195  29:44  Zealot x2  
Show
View Real Time Build Order
Export as new Build Order

Bly Zerg 

Build Orders: Hatch First, Lurkers 

Get SALT Encoding   

  12  0:01  Drone  
  13  0:13  Overlord  
  13  0:18  Drone  
  14  0:32  Drone x2  
  16  0:50  Drone  
  16  0:55  Drone  
  18  0:58  Hatchery  
  17  1:11  Spawning Pool  
  16  1:12  Drone  
  16  1:15  Drone  
  18  1:20  Extractor  
  17  1:28  Drone  
  18  1:40  Drone  
  18  1:45  Drone  
  20  1:54  Hatchery  
  20  1:57  Queen  
  20  1:59  Zergling x2  
  22  2:10  Queen  
  22  2:13  Zergling x2  
  25  2:20  Overlord  
  25  2:23  Drone  
  25  2:29  Drone x2  
  28  2:35  Metabolic Boost  
  28  2:46  Drone, Overlord  
  29  2:56  Queen  
  31  3:04  Zergling x4  
  32  3:09  Drone x3  
  32  3:10  Drone  
  32  3:11  Drone  
  38  3:20  Drone x3  
  38  3:22  Drone x2  
  42  3:27  Drone  
  43  3:38  Overlord  
  43  3:39  Drone  
  43  3:40  Drone x2  
  46  3:41  Spore Crawler  
  45  3:49  Overlord  
  45  3:54  Spore Crawler  
  44  3:59  Drone x6  
  50  4:06  Spore Crawler, Drone  
  50  4:09  Drone x2  
  52  4:12  Drone x3  
  52  4:16  Drone  
  52  4:17  Drone x2  
  58  4:24  Overlord  
  58  4:30  Extractor  
  57  4:31  Overlord  
  57  4:34  Lair  
  57  4:35  Drone  
  57  4:36  Overlord  
  57  4:37  Overlord  
  58  4:44  Drone x5  
  58  4:45  Drone  
  63  4:47  Extractor, Roach Warren  
  62  4:52  Zergling x2  
  62  4:58  Zergling x4  
  64  5:04  Overlord  
  64  5:06  Drone x3  
  67  5:10  Drone  
  67  5:11  Drone  
  67  5:12  Extractor  
  68  5:17  Overlord  
  65  5:32  Spore Crawler  
  65  5:33  Spore Crawler  
  65  5:35  Spore Crawler, Queen x2, Glial Reconstitution  
  60  5:37  Roach x11  
  84  5:53  Roach x5  
  88  6:01  Roach x2  
  88  6:02  Roach  
  94  6:18  Hatchery  
  92  6:19  Drone x6  
  92  6:22  Overlord  
  92  6:24  Overlord x3  
  98  6:30  Overlord  
  98  6:33  Overlord  
  98  6:35  Overlord  
  98  6:37  Overlord  
  98  6:40  Overlord  
  98  6:41  Burrow  
  98  6:45  Drone x3  
  101  6:53  Tunneling Claws  
  101  6:56  Drone x5  
  106  7:11  Roach x7  
  120  7:17  Hydralisk Den  
  120  7:21  Drone x3  
  120  7:42  Roach x10  
  122  7:57  Roach x8  
  124  8:19  Drone  
  121  8:20  Drone x14  
  121  8:23  Extractor, Overlord  
  121  8:24  Muscular Augments  
  121  8:25  Extractor  
  121  8:26  Infestation Pit  
  132  8:29  Roach x17  
  132  8:32  Overlord  
  132  8:33  Overlord  
  131  8:35  Drone, Overlord  
  131  8:36  Roach x8  
  131  8:37  Overlord  
  131  8:44  Hydralisk x6  
  131  8:46  Overlord  
  141  8:54  Roach x3  
  141  8:55  Roach x4  
  141  9:02  Hydralisk x10  
  145  9:11  Hydralisk x2  
  145  9:14  Overlord  
  133  9:28  Roach x5  
  133  9:29  Roach x6  
  145  9:37  Spore Crawler  
  140  9:41  Lurker Den  
  140  9:44  Evolution Chamber  
  140  9:45  Grooved Spines  
  134  9:48  Roach x2  
  138  9:54  Extractor  
  138  9:55  Extractor  
  136  10:03  Overseer  
  136  10:05  Hydralisk x5  
  146  10:08  Drone  
  146  10:09  Drone x3  
  146  10:10  Drone x2  
  152  10:20  Hatchery, Roach x9  
  169  10:26  Zerg Missile Weapons Level 1  
  165  11:05  Hydralisk x17  
  185  11:29  Zergling x6  
  185  11:30  Zergling x22  
  191  11:36  Drone  
  186  11:44  Lurker x6  
  192  11:51  Spine Crawler  
  192  11:52  Spine Crawler  
  190  12:00  Lurker x3  
  193  12:04  Drone x2  
  193  12:05  Drone  
  178  12:26  Hive  
  178  12:28  Spire  
  175  12:36  Hydralisk x8, Roach  
  189  12:51  Zerg Missile Weapons Level 2  
  183  13:06  Evolution Chamber  
  183  13:08  Hydralisk x11  
  194  13:22  Zergling x2  
  194  13:23  Zergling x10  
  200  13:32  Zerg Melee Weapons Level 1  
  200  13:43  Adaptive Talons  
  176  14:25  Spire  
  176  14:27  Drone  
  176  14:28  Drone  
  172  14:34  Hydralisk x5  
  172  14:35  Hydralisk x9  
  191  15:22  Zerg Missile Weapons Level 3  
  191  15:24  Lurker x5  
  191  15:25  Lurker x3  
  183  15:42  Greater Spire  
  175  15:53  Corruptor x7  
  175  15:54  Drone  
  175  15:55  Drone  
  175  16:11  Roach x13  
  175  16:13  Roach  
  186  16:41  Roach x7  
  186  16:46  Spore Crawler  
  199  16:48  Spore Crawler  
  194  17:01  Brood Lord  
  179  17:12  Hydralisk x9  
  179  17:13  Hydralisk  
  150  17:16  Overseer x2  
  144  17:28  Hydralisk x7  
  150  17:36  Viper  
  144  18:01  Drone x3  
  137  18:10  Hydralisk x9  
  155  18:18  Overseer x3  
  155  18:28  Spore Crawler x2  
  155  18:29  Viper  
  156  18:43  Brood Lord  
  156  18:44  Corruptor x2  
  156  18:45  Corruptor  
  131  19:22  Hydralisk Den  
  130  19:27  Overseer  
  130  19:32  Drone x3  
  130  20:11  Brood Lord  
  130  20:13  Brood Lord x2  
  110  20:32  Hydralisk x5  
  113  21:25  Hatchery  
  112  21:33  Lurker  
  112  21:34  Lurker  
  108  22:29  Lurker x2  
  110  22:30  Drone x4  
  110  22:31  Drone x2  
  110  22:34  Drone x3  
  110  22:35  Extractor  
  118  23:09  Lurker, Hatchery  
  118  23:30  Hydralisk x5  
  124  23:43  Hydralisk x2  
  124  24:00  Hydralisk  
  124  24:12  Extractor  
  124  24:16  Queen  
  121  24:23  Hatchery  
  122  24:28  Hatchery  
  122  24:30  Hydralisk x3  
  124  24:59  Drone x12  
  136  25:17  Corruptor x2  
  136  25:21  Corruptor  
  142  25:52  Hydralisk  
  142  25:53  Hydralisk x7  
  158  26:15  Brood Lord  
  160  26:25  Hydralisk x2  
  162  26:26  Zergling x2  
  159  26:58  Hydralisk x5  
  151  27:02  Extractor x2  
  146  27:13  Hatchery  
  119  27:23  Hydralisk x3  
  119  27:25  Zergling x24  
  131  27:41  Roach x4  
  131  27:43  Roach  
  126  27:57  Drone x8  
  132  28:18  Brood Lord  
  128  28:31  Roach x2  
  132  28:38  Hatchery  
  127  28:55  Roach x3  
  133  29:00  Spine Crawler  
  133  29:01  Spine Crawler  
  129  29:05  Roach  
  129  29:06  Roach  
  132  29:13  Drone x2  
  132  29:14  Drone x2  
  137  29:24  Drone x6  
  142  29:32  Spore Crawler  
  142  29:33  Spore Crawler  
  142  29:34  Spore Crawler  
  142  29:35  Spore Crawler  
  139  29:43  Spore Crawler x2  
  86  30:16  Spore Crawler x2  
  86  30:17  Spore Crawler  
  86  30:18  Hydralisk x6, Spore Crawler  
  94  30:27  Spore Crawler  
  80  30:30  Spore Crawler  
Tags
 
Add a new tag
Caveats
  • Supply blocks, unpowered buildings, or Contaminate may cause inaccurate times.
  • Supply counts are checked every 10 seconds.